 Dungeon Crawl Stone Soup version 0.30.1-1-g62c8e00024 (webtiles) character file.

Game seed: 1850400468253690980

178 shmup the Firebug (level 5, -1/28 HPs)
             Began as a Tengu Fire Elementalist on July 18, 2023.
             Killed by divine providence
             ... invoked by an orc priest
              (14 damage)
             ... on level 3 of the Dungeon.
             The game lasted 00:06:24 (3189 turns).

shmup the Firebug (Tengu Fire Elementalist)         Turns: 3189, Time: 00:06:25

Health: -1/28      AC:  3    Str:  9    XL:     5   Next: 58%
Magic:  12/18      EV: 14    Int: 17    God:
Gold:   192        SH:  0    Dex: 14    Spells: 5/8 levels left

rFire   + . .        i - +0 dagger
rCold   . . .        (no shield)
rNeg    . . .        a - +0 robe
rPois   .            (helmet restricted)
rElec   .            (no cloak)
rCorr   .            v - +0 pair of gloves
SInv    .            (boots unavailable)
Will    .....        (no amulet)
Stlth   ++           e - ring of protection from fire
HPRegen 0.24/turn    l - ring of magical power
MPRegen 0.16/turn

%: no passive effects
@: lethally poisoned (-1 -> -7), flying quickly and evasively, quick
A: beak, talons 3, nimble flight
a: no special abilities


You were on level 3 of the Dungeon.
You visited 1 branch of the dungeon, and saw 3 of its levels.

You collected 192 gold pieces.

Inventory:

Hand Weapons
 h - a +0 short sword
 i - a +0 dagger (weapon)
Missiles
 d - 5 stones (quivered)
 p - 3 javelins
 s - 6 atropa-tipped darts
 u - 7 poisoned darts
Armour
 a - a +0 robe (worn)
 v - a +0 pair of gloves (worn)
Jewellery
 e - a ring of protection from fire (left hand)
 l - a ring of magical power (right hand)
Scrolls
 c - 4 scrolls of fog {unknown}
 f - 2 scrolls of magic mapping {unknown}
 g - a scroll of enchant weapon {unknown}
 j - 2 scrolls of poison {unknown}
 k - 3 scrolls of identify {unknown}
 t - a scroll of blinking {unknown}
 w - a scroll of silence {unknown}
 x - 2 scrolls of vulnerability {unknown}
Potions
 b - a potion of magic
 m - 3 potions of curing
 n - 2 potions of heal wounds {unknown}
 o - 2 potions of attraction {unknown}
 q - a potion of haste {unknown}
 r - a potion of berserk rage {unknown}
 z - a potion of brilliance {unknown}


   Skills:
 - Level 2.1 Dodging
 - Level 2.0 Stealth
 - Level 2.0 Spellcasting
 + Level 4.0 Conjurations
 * Level 5.8 Fire Magic


You had 5 spell levels left.
You knew the following spells:

 Your Spells              Type           Power      Damage    Failure   Level
a - Foxfire               Conj/Fire      72%        2x1d7     2%          1
b - Scorch                Fire           42%        2d7       2%          2

Your spell library contained the following spells:

 Spells                   Type           Power      Damage    Failure   Level
 Shock                    Conj/Air       32%        1d5       9%          1
 Sting                    Tmut/Pois      4%         1d3       19%         1
 Inner Flame              Hex/Fire       11%        N/A       19%         3
 Volatile Blastmotes      Fire/Tloc      22%        2d11      19%         3
 Flame Wave               Conj/Fire      18%        2d7       26%         4
 Passwall                 Tmut/Erth      0%         N/A       28%         2
 Poisonous Vapours        Pois/Air       2%         N/A       28%         2
 Olgreb's Toxic Radiance  Pois           1%         N/A       88%         4
 Alistair's Intoxication  Tmut/Pois      0%         N/A       99%         5
 Blade Hands              Tmut           0%         N/A       99%         5


Dungeon Overview and Level Annotations

Branches:
Dungeon (3/15)

Altars:
Hepliaklqana
Makhleb


Innate Abilities, Weirdness & Mutations

You have a beak for a mouth.
You have claws for feet.
Your magical nature lets you fly swiftly and evasively.


Message History

The orc closely misses you.
Casting: Foxfire (safe; 2% risk of failure)
Confirm with . or Enter, or press ? or * to list all spells.
Flames lash the orc but do no damage.
The orc wizard hits you with a +0 dagger.
The orc hits you with a +0 short sword of venom.
You are poisoned.
The orc hits you with a +0 short sword.
Casting: Scorch (safe; 2% risk of failure)
Confirm with . or Enter, or press ? or * to list all spells.
Flames lash the orc.
The orc is severely wounded.
The orc's fire resistance burns away.
You feel sick.
The orc hits you with a +0 short sword of venom.
You are more poisoned.
The orc completely misses you. The orc wizard misses you.
* * * LOW HITPOINT WARNING * * *
You feel very sick.
The orc hits you with a +0 short sword of venom.
* * * LOW HITPOINT WARNING * * *
You are lethally poisoned!
The orc wizard casts a spell.
The orc wizard flickers and vanishes!
Deactivating autopickup; reactivate with Ctrl-A.
Casting: Scorch (safe; 2% risk of failure)
Confirm with . or Enter, or press ? or * to list all spells.
Flames lash the orc.
The orc is severely wounded.
The orc's fire resistance burns away.
* * * LOW HITPOINT WARNING * * *
You feel very sick. The orc priest misses you. The orc misses you.
It was a potion of curing.
You feel better.
The orc hits you with a +0 short sword of venom.
* * * LOW HITPOINT WARNING * * *
You are poisoned.
The orc priest mumbles some strange prayers to Beogh against you.
Beogh smites you!
Ouch! That really hurt!
You die...

.....▒.▒▒▒▒▒▒▒▒▒▒▒▒▒
▒▒▒▒.▒.............▒
.▒ ▒.▒▒▒▒▒▒▒▒▒▒▒▒▒.▒
.▒ ▒.▒ ▒.▒ .▒ ▒.▒ ▒.▒
.▒ ▒.▒ ▒.▒ .▒▒▒.▒.▒▒ ▒
▒.▒
.......>▒.▒▒▒▒▒▒▒▒.▒
.▒▒▒.▒▒.▒.....o.Q..▒
..............oo▒▒.▒
.▒▒▒.▒▒.▒._....o▒▒.▒
▒▒▒▒.................▒
....).......8....▒.▒.▒
....)..............▒.▒
........▒....._....▒ ▒
.%..........^...▒▒.▒
................▒ o▒


You could see an orc priest and 3 orcs.

Vanquished Creatures
  A phantom (D:3)
  2 adders
  4 worms
  3 dart slugs (D:2)
  An orc (D:3)
  14 endoplasms
  3 giant cockroaches (D:1)
  5 hobgoblins
  4 jackals (D:2)
  3 quokkas
  2 ball pythons
  4 bats
  2 frilled lizards
  5 goblins
  7 kobolds
  4 rats (D:1)
64 creatures vanquished.

Vanquished Creatures (others)
  183 foxfires
183 creatures vanquished.

Grand Total: 247 creatures vanquished

Notes
Turn   | Place    | Note
-------+----------+-------------------------------------------
     0 | D:1      | shmup the Tengu Fire Elementalist began the quest for the
                  | Orb.
     0 | D:1      | Reached XP level 1. HP: 10/10 MP: 4/4
   259 | D:1      | Reached XP level 2. HP: 13/15 MP: 0/6
   523 | D:1      | Reached skill level 4 in Fire Magic
   773 | D:1      | Reached XP level 3. HP: 16/19 MP: 4/7
  1013 | D:1      | Found a faded altar of an unknown god.
  1313 | D:1      | Learned a level 2 spell: Scorch
  1458 | D:2      | Got the Folio of the Xenotype and the Squall
  1731 | D:2      | Reached XP level 4. HP: 24/24 MP: 8/8
  2522 | D:2      | Reached skill level 5 in Fire Magic
  2689 | D:3      | Found a hazy altar of Hepliaklqana.
  2696 | D:3      | Found a burning altar of Makhleb.
  2992 | D:3      | Noticed a phantom
  3019 | D:3      | Killed a phantom
  3020 | D:3      | Gained mutation: Your magical nature lets you fly swiftly
                  | and evasively. [Tengu growth]
  3020 | D:3      | Reached XP level 5. HP: 24/28 MP: 8/9
  3189 | D:3      | Killed from afar by an orc priest

Illustrated notes

Levels and vault maps discovered:
D:1:      heliophobic_arrival_ceremonial_halls, layout_basic,
          hellmonk_ecumenical_altar_lost_god
D:2:      layout_basic, kennysheep_cross_room, minmay_tromino_i4
D:3:      minmay_bubble_buster, layout_basic, grunt_temple_overflow_open

Skill      XL: |  1  2  3  4 |
---------------+-------------+-----
Conjurations   | 2 3 4 |  4.0
Fire Magic     | 4 5 |  5.8
Dodging        | |  2.1
Stealth        | |  2.0
Spellcasting   | |  2.0

Action                     |  1- 3 |  4- 6 || total
---------------------------+-------+-------++-------
  Melee: Unarmed           |     5 |       ||     5
         Peck              |     2 |     2 ||     4
         Kick              |     1 |     3 ||     4
         Dagger            |     8 |     8 ||    16
         Punch             |       |     1 ||     1
  Throw: Stone             |     1 |       ||     1
   Cast: Foxfire           |    67 |    41 ||   108
         Scorch            |       |    14 ||    14
    Use: Potion            |       |     1 ||     1
 Armour: Robe              |     8 |     3 ||    11
  Dodge: Dodged            |    38 |    25 ||    63
